[Event "Team 45 45 League T64"]
[Site "Internet Chess Club"]
[Date "2015.04.04"]
[Round "5"]
[White "Signalman"]
[Black "sharky123"]
[Result "1/2-1/2"]
[WhiteElo "1794"]
[BlackElo "1848"]
[Opening "QGD Slav: 4.e3 Bf5"]
[ECO "D12"]
[Time "05:12:35"]
[TimeControl "2700+45"]

1. d4 d5 2. Nf3 Nf6 3. c4 c6 4. e3 Bf5 5. Nc3 a6 6. Nh4 Bg4 7. Qb3 b5 8. h3 dxc4
9. Bxc4 bxc4 10. Qb7 Nbd7 11. hxg4 Qc8 12. Qxc8+ Rxc8 13. g5 Nd5 14. f4 e6 15.
Nf3 Nb4 16. Ke2 Nb6 17. a3 N4d5 18. Bd2 c5 19. dxc5 Bxc5 20. e4 Nc7 21. Rac1 Nb5
22. Nxb5 axb5 23. Be3 Na4 24. Nd4 Nxb2 25. Nxb5 Bxe3 26. Kxe3 O-O 27. Rc2 Na4
28. Nd6 Rb8 29. Nxc4 Rb3+ 30. Kf2 Nc3 31. e5 Ne4+ 32. Kg1 Rd8 33. Nd6 Nxd6 34.
exd6 Rxa3 35. Kf2 Rd3 36. Rhc1 R3xd6 37. Rc8 g6 38. Rxd8+ Rxd8 39. Rc7 Kf8 40.
Kf3 Rd3+ 41. Kf2 Rb3 42. g3 Rd3 43. Rc8+ Kg7 44. Rc7 Rd1 45. Kg2 Rd2+ 46. Kf3
Rh2 47. g4 h6 48. gxh6+ Rxh6 49. g5 Rh3+ 50. Kg4 Re3 51. Re7 Rd3 52. Rc7 Rd5 53.
Re7 Rd4 54. Kf3 Kf8 55. Rb7 Rd5 56. Rb8+ Kg7 57. Rb7 Rf5 58. Kg4 Kf8 59. Rb8+
Ke7 60. Rb7+ Kd6 61. Rb6+ Kd5 62. Rb5+ Kc4 63. Rb7 Kd4 64. Rb4+ Kd5 65. Rb5+ Kc6
66. Rb2 Kd6 67. Rb6+ Kd5 68. Rb5+ Ke4 69. Rb4+ Kd5 70. Rb5+ Kc6 71. Rb2 Kc7 72.
Rc2+ Kd6 73. Rd2+ Rd5 74. Ra2 e5 75. fxe5+ Kxe5 76. Ra7 Rd4+ 77. Kg3 Kf5 78.
Ra5+ Ke6 79. Ra6+ Rd6 80. Ra7 Rd5 81. Kf4 Rd4+ 82. Kg3 Re4 83. Kf3 Rd4 84. Ke3
Rd7 85. Ra5 Rd5 86. Ra6+ Kf5 87. Rf6+ Kxg5 88. Rxf7 Rf5 89. Rxf5+ Kxf5 90. Kf3
{Game drawn by mutual agreement} 1/2-1/2

[Event "Team 45 45 League T64"]
[Site "Internet Chess Club"]
[Date "2015.04.07"]
[Round "5"]
[White "Holzschlange"]
[Black "beitmery"]
[Result "1/2-1/2"]
[WhiteElo "1819"]
[BlackElo "1702"]
[Opening "QGD: Tarrasch, Prague variation, Normal position"]
[ECO "D34"]
[Time "15:16:47"]
[TimeControl "2700+45"]

1. Nf3 e6 2. d4 d5 3. c4 Nf6 4. g3 Be7 5. Bg2 c5 6. cxd5 exd5 7. Nc3 Nc6 8. O-O
O-O 9. b3 Bf5 10. Bb2 Rc8 11. Na4 cxd4 12. Nxd4 Nxd4 13. Bxd4 b5 14. Nc3 a6 15.
Rc1 Ba3 16. Bxf6 Qxf6 17. Nxd5 Qe6 18. Rxc8 Rxc8 19. e4 Bxe4 20. Re1 Qxd5 21.
Qxd5 Bxd5 22. Bxd5 {Game drawn by mutual agreement} 1/2-1/2

[Event "Team 45 45 League T64"]
[Site "Internet Chess Club"]
[Date "2015.04.05"]
[Round "5"]
[White "bondguy01"]
[Black "Warpdrive"]
[Result "1-0"]
[WhiteElo "1800"]
[BlackElo "1610"]
[Opening "King's Indian: fianchetto, classical main line"]
[ECO "E69"]
[Time "20:03:03"]
[TimeControl "2700+45"]

1. Nf3 Nf6 2. c4 g6 3. g3 Bg7 4. Bg2 O-O 5. d4 d6 6. O-O Nbd7 7. Nc3 e5 8. e4 c6
9. h3 Qb6 10. c5 dxc5 11. dxe5 Ne8 12. Na4 Qc7 13. e6 fxe6 14. Ng5 Nb6 15. Nxc5
Qd6 16. Qxd6 Nxd6 17. Ncxe6 Bxe6 18. Nxe6 Rf7 19. Nxg7 Kxg7 20. b3 Re8 21. Bb2+
Kg8 22. Rae1 Nd7 23. e5 Nf5 24. Kh2 Nc5 25. Rd1 Ne6 26. Rfe1 a6 27. Kg1 Ree7 28.
Bf1 Rd7 29. Bc4 Rxd1 30. Rxd1 Re7 31. Ba3 Re8 32. Bb2 b5 33. Bf1 Rd8 34. Rxd8+
Nxd8 35. b4 Ng7 36. f4 Kf7 37. Kf2 Ke7 38. Kf3 h5 39. g4 hxg4+ 40. hxg4 {Black
resigns} 1-0

[Event "Team 45 45 League T64"]
[Site "Internet Chess Club"]
[Date "2015.04.05"]
[Round "5"]
[White "tryanything"]
[Black "Chess4Him"]
[Result "1/2-1/2"]
[WhiteElo "1554"]
[BlackElo "1538"]
[Opening "Robatsch (modern) defense"]
[ECO "B06"]
[Time "19:00:56"]
[TimeControl "2700+45"]

1. e4 g6 2. d4 Bg7 3. Nf3 d6 4. Bc4 e6 5. O-O a6 6. Bg5 Ne7 7. c3 h6 8. Be3 b5
9. Bd3 Nd7 10. Nbd2 Bb7 11. Re1 O-O 12. Qc1 c5 13. Nf1 Kh7 14. h3 cxd4 15. cxd4
Rc8 16. Qd2 Nf6 17. e5 dxe5 18. dxe5 Nfd5 19. N1h2 Nxe3 20. Qxe3 Nd5 21. Qd2 Nb6
22. Rad1 Qe7 23. Be4 Nc4 24. Qd7 Qxd7 25. Rxd7 Bxe4 26. Rxe4 Nxb2 27. Ng4 Rc1+
28. Kh2 Rd1 29. Ra7 Na4 30. Rf4 Kg8 31. Rxa6 Ra1 32. Nd4 Nc3 33. Rf3 b4 34. Nc6
Rxa2 35. Nxb4 Rxa6 36. Nxa6 Nd5 37. Nc5 h5 38. Nf6+ Nxf6 39. exf6 Bh8 40. g4
{Game drawn by mutual agreement} 1/2-1/2

[Event "Team 45 45 League T64"]
[Site "Internet Chess Club"]
[Date "2015.04.03"]
[Round "5"]
[White "pokerram"]
[Black "lilith"]
[Result "1-0"]
[WhiteElo "1759"]
[BlackElo "1673"]
[Opening "Hungarian defense"]
[ECO "C50"]
[Time "05:00:10"]
[TimeControl "2700+45"]

1. e4 e5 2. Nf3 Nc6 3. Bc4 Be7 4. O-O Nf6 5. Re1 O-O 6. c3 d5 7. exd5 Nxd5 8. d3
Bg4 9. h3 Bh5 10. Nbd2 Bf6 11. Nf1 Re8 12. Ng3 Bg6 13. Ne4 Nb6 14. Nxf6+ Qxf6
15. Bb5 h6 16. Bxc6 bxc6 17. Nh2 h5 18. Nf3 e4 19. dxe4 Bxe4 20. Nd2 Rad8 21. f3
Bd5 22. Rxe8+ Rxe8 23. Nf1 Qg6 24. Bf4 Nc4 25. b3 Nd6 26. Bxd6 cxd6 27. c4 Be6
28. Kh2 Bc8 29. Qd2 Qe6 30. Rd1 Rd8 31. Re1 Qg6 32. Qe3 a6 33. Qb6 Qf6 34. Qxc6
Qb2 35. Re8+ Rxe8 {Black resigns} 1-0

[Event "Team 45 45 League T64"]
[Site "Internet Chess Club"]
[Date "2015.04.02"]
[Round "5"]
[White "ShadowKing"]
[Black "KidRattler"]
[Result "0-1"]
[WhiteElo "1337"]
[BlackElo "1455"]
[Opening "Three knights game"]
[ECO "C46"]
[Time "19:00:31"]
[TimeControl "2700+45"]

1. e4 e5 2. Nf3 Nc6 3. Nc3 Bc5 4. d3 Nf6 5. h3 d5 6. exd5 Nxd5 7. Nxd5 Qxd5 8.
Be2 h6 9. O-O O-O 10. c4 Qd6 11. b3 Nd4 12. Bb2 f6 13. Re1 Nxf3+ 14. Bxf3 c6 15.
Be4 Bb4 16. Rf1 Ba5 17. a3 Bc7 18. Qf3 f5 19. Bxf5 Rxf5 20. Qg3 Rg5 21. Qf3 e4
22. dxe4 Qh2# {White checkmated} 0-1

[Event "Team 45 45 League T64"]
[Site "Internet Chess Club"]
[Date "2015.04.04"]
[Round "5"]
[White "Just-Jim"]
[Black "mkoga"]
[Result "1-0"]
[WhiteElo "1363"]
[BlackElo "1430"]
[Opening "Petrov: Italian variation"]
[ECO "C24"]
[Time "15:00:34"]
[TimeControl "2700+45"]

1. e4 e5 2. Bc4 Nf6 3. Nf3 d6 4. Nc3 Bg4 5. h3 Bh5 6. O-O Nc6 7. d3 Nd4 8. g4
Bg6 9. Nxd4 exd4 10. Nd5 Be7 11. Nxe7 Qxe7 12. Re1 O-O-O 13. Bg5 h6 14. Bh4 Bh7
15. Qf3 g5 16. Bg3 Bg6 17. e5 dxe5 18. Bxe5 Be4 19. Bxf6 Bxf3 20. Rxe7 Rhe8 21.
Rxe8 Rxe8 22. Bxf7 Rf8 23. Be6+ Kb8 24. Bxd4 Re8 25. Bb3 h5 26. Bf7 Re2 27. Bxh5
Rxc2 28. Bg6 Rc6 29. Re1 b6 30. Be4 Bxe4 31. dxe4 Rc2 32. e5 Rd2 33. Bc3 Rd8 34.
e6 Re8 35. Bf6 c5 36. Bxg5 b5 37. e7 Kb7 38. f4 c4 39. f5 b4 40. f6 {Black
resigns} 1-0

[Event "Team 45 45 League T64"]
[Site "Internet Chess Club"]
[Date "2015.04.03"]
[Round "5"]
[White "moodle"]
[Black "FosterChess"]
[Result "1-0"]
[WhiteElo "1664"]
[BlackElo "1475"]
[Opening "Four knights: Ranken variation"]
[ECO "C48"]
[Time "20:00:52"]
[TimeControl "2700+45"]

1. e4 e5 2. Nf3 Nc6 3. Nc3 Nf6 4. Bb5 a6 5. Bxc6 dxc6 6. Nxe5 Qe7 7. d4 c5 8.
Bf4 b6 9. O-O g6 10. Bg5 Bg7 11. Nd5 Qd6 12. Qf3 O-O 13. Bxf6 Bxf6 14. Qxf6 Qxf6
15. Nxf6+ Kg7 16. Nd5 f6 17. Nf3 Rf7 18. Rfe1 cxd4 19. Nxd4 Rd7 20. Nf3 Bb7 21.
Rad1 Rad8 22. Nc3 Rxd1 23. Nxd1 Re8 24. Nc3 Kf7 25. h3 g5 26. Kh2 h5 27. Nd4 h4
28. f3 c5 29. Nf5 Re6 30. Rd1 Bc6 31. Nd5 Bxd5 32. Rxd5 Rc6 33. g3 {Black
resigns} 1-0

[Event "Team 45 45 League T64"]
[Site "Internet Chess Club"]
[Date "2015.04.05"]
[Round "5"]
[White "browndeer"]
[Black "mindstorm"]
[Result "0-1"]
[WhiteElo "1605"]
[BlackElo "1550"]
[Opening "Sicilian: accelerated fianchetto, exchange variation"]
[ECO "B34"]
[Time "12:02:03"]
[TimeControl "2700+45"]

1. e4 c5 2. Nf3 Nc6 3. d4 cxd4 4. Nxd4 g6 5. Nxc6 bxc6 6. Qd4 Nf6 7. e5 Nd5 8.
e6 f6 9. exd7+ Qxd7 10. Be2 e5 11. Qe4 Bb4+ 12. c3 Bc5 13. O-O O-O 14. Bc4 Qd6
15. Rd1 Rd8 16. Qc2 Bf5 17. Qe2 Kg7 18. Bxd5 cxd5 19. Nd2 Qe6 20. Nb3 Bb6 21.
Be3 d4 22. Bd2 Bg4 23. Qe4 Bxd1 24. Rxd1 dxc3 25. bxc3 Rac8 26. Qf3 e4 27. Qe2
e3 28. Bxe3 Rxd1+ 29. Qxd1 Bxe3 30. fxe3 Qxe3+ 31. Kf1 Qxc3 32. h3 a5 33. Nxa5
Ra8 34. Nb3 Rxa2 35. Nd4 Ra1 36. Ne6+ Kh6 37. Ke2 Qe5+ 38. Kd2 Rxd1+ 39. Kxd1
Qxe6 40. Kd2 Qb3 41. Ke1 Qc2 42. Kf1 Kg5 43. Kg1 Kf4 44. Kh2 g5 45. h4 g4 46. h5
g3+ 47. Kh3 Qf5+ 48. Kh4 Qg4# {White checkmated} 0-1

[Event "Team 45 45 League T64"]
[Site "Internet Chess Club"]
[Date "2015.04.02"]
[Round "5"]
[White "karthikkallam"]
[Black "chessfunblast"]
[Result "0-1"]
[WhiteElo "1285"]
[BlackElo "1347"]
[Opening "Giuoco Pianissimo: Italian four knights variation"]
[ECO "C50"]
[Time "19:16:22"]
[TimeControl "2700+45"]

1. e4 e5 2. Nf3 Nc6 3. Bc4 Bc5 4. Nc3 Nf6 5. d3 O-O 6. Bg5 h6 7. Bh4 Be7 8. Qd2
Ne8 9. Bxe7 Qxe7 10. O-O-O Nf6 11. Rhe1 d6 12. Bd5 Be6 13. Bxe6 Qxe6 14. h3 a6
15. Kb1 b5 16. Nh4 d5 17. Nf5 d4 18. Ne2 a5 19. Neg3 Nb4 20. b3 c5 21. Nxh6+ Kh8
22. Ngf5 a4 23. Qg5 g6 24. h4 axb3 25. axb3 Ra1+ 26. Kb2 Ra2+ 27. Kb1 Rxc2 28.
h5 Qxb3+ 29. Ka1 Qa2# {White checkmated} 0-1

[Event "Team 45 45 League T64"]
[Site "Internet Chess Club"]
[Date "2015.04.05"]
[Round "5"]
[White "almond123"]
[Black "Coolio9000"]
[Result "1-0"]
[WhiteElo "1524"]
[BlackElo "1354"]
[Opening "Ruy Lopez: classical (Cordel) defense"]
[ECO "C64"]
[Time "12:00:21"]
[TimeControl "2700+45"]

1. e4 e5 2. Nf3 Nc6 3. Bb5 Bc5 4. Bxc6 bxc6 5. Nxe5 Nf6 6. d3 Bb7 7. O-O d6 8.
Nf3 O-O 9. Nc3 Re8 10. Na4 Rb8 11. Nxc5 dxc5 12. Bd2 c4 13. e5 Ng4 14. Bc3 cxd3
15. Qxd3 Qxd3 16. cxd3 Rbd8 17. d4 Re6 18. h3 Nh6 19. Rad1 Rg6 20. Nh4 Rg5 21.
Nf3 Rg6 22. Bd2 c5 23. Nh4 Re6 24. Bxh6 Rxh6 25. Nf5 Rh5 26. Ng3 Rg5 27. dxc5
Rxd1 28. Rxd1 h5 29. h4 Rxe5 30. b4 g6 31. Rd7 f5 32. Rxc7 Ba6 33. Rxa7 Bd3 34.
Rd7 Bc4 35. c6 Ba6 36. c7 f4 37. Rd6 Bb7 38. Rd8+ Kg7 39. Rb8 Ba6 40. Ra8 Re1+
41. Kh2 fxg3+ 42. fxg3 Bb7 43. Rb8 Bd5 44. c8=Q Rd1 45. Qf8+ Kh7 46. Qh8# {Black
checkmated} 1-0

[Event "Team 45 45 League T64"]
[Site "Internet Chess Club"]
[Date "2015.04.06"]
[Round "5"]
[White "clarinetref"]
[Black "craftsman49868"]
[Result "0-1"]
[WhiteElo "1578"]
[BlackElo "1692"]
[Opening "Robatsch (modern) defense"]
[ECO "B06"]
[Time "20:03:35"]
[TimeControl "2700+45"]

1. e4 g6 2. d4 d6 3. Be3 Nf6 4. Nc3 c6 5. h3 Bg7 6. Qd2 O-O 7. f4 b5 8. a3 Bb7
9. Nf3 a5 10. e5 b4 11. exf6 bxc3 12. Qxc3 Bxf6 13. Qb3 Qc8 14. Be2 Nd7 15. O-O
c5 16. Rad1 Rb8 17. Qa2 Bxf3 18. Bxf3 cxd4 19. Bxd4 Bxd4+ 20. Rxd4 Qc5 21. Qc4
Qb6 22. Kh2 Rfc8 23. Qd5 Nf6 {White resigns} 0-1

[Event "Team 45 45 League T64"]
[Site "Internet Chess Club"]
[Date "2015.04.05"]
[Round "5"]
[White "Aquaman"]
[Black "QuimCatala"]
[Result "0-1"]
[WhiteElo "1334"]
[BlackElo "1483"]
[Opening "Pirc: classical (two knights) system"]
[ECO "B08"]
[Time "15:00:19"]
[TimeControl "2700+45"]

1. d4 Nf6 2. Nc3 d6 3. e4 g6 4. Nf3 Bg7 5. Bd3 c5 6. d5 e5 7. O-O O-O 8. h3 Nbd7
9. Nh2 Nb6 10. b3 Bd7 11. f4 exf4 12. Bxf4 Nxe4 13. Bxe4 Bxc3 14. Rb1 Bb5 15.
Rf3 Bd4+ 16. Kh1 f5 17. Bd3 Bxd3 18. Qxd3 Nxd5 19. c4 Nb4 20. Qd2 Qf6 21. a3 Nc6
22. Bh6 Rfe8 23. Ng4 Qe6 24. Nh2 Qe4 25. Rbf1 Ne5 26. Rf4 Qc6 27. Rd1 Nf7 28.
Rff1 Re4 29. Nf3 Rae8 30. Nxd4 Rxd4 31. Qc1 Re2 32. Rg1 Rh4 33. Bf4 Rxh3+ 34.
Bh2 Ne5 35. Rdf1 Ng4 {White resigns} 0-1

[Event "Team 45 45 League T64"]
[Site "Internet Chess Club"]
[Date "2015.04.06"]
[Round "5"]
[White "otherook"]
[Black "room-matt"]
[Result "0-1"]
[WhiteElo "1724"]
[BlackElo "1907"]
[Opening "English opening"]
[ECO "A10"]
[Time "14:06:44"]
[TimeControl "2700+45"]

1. c4 g5 2. d4 Bg7 3. Nc3 g4 4. g3 d6 5. h3 Nc6 6. e3 Nf6 7. hxg4 Bxg4 8. Be2 h5
9. Nf3 e5 10. dxe5 dxe5 11. Qxd8+ Rxd8 12. Bd2 Nb4 13. Rc1 Nd3+ 14. Bxd3 Bxf3
{White resigns} 0-1

[Event "Team 45 45 League T64"]
[Site "Internet Chess Club"]
[Date "2015.04.05"]
[Round "5"]
[White "rayngrant"]
[Black "Jyzzslynggur"]
[Result "0-1"]
[WhiteElo "1519"]
[BlackElo "1708"]
[Opening "French: Rubinstein variation"]
[ECO "C10"]
[Time "23:03:46"]
[TimeControl "2700+45"]

1. e4 e6 2. d4 d5 3. Nc3 dxe4 4. Nxe4 Nd7 5. Nf3 Ngf6 6. Bg5 h6 7. Bh4 Be7 8.
Bd3 Nxe4 9. Bxe7 Nxf2 10. Bxd8 Nxd1 11. Bxc7 Nxb2 12. Bd6 Nxd3+ 13. cxd3 Nf6 14.
O-O b6 15. Rac1 Nd5 16. Ne5 Ba6 17. Rxf7 Rd8 18. Ba3 Bxd3 19. Rxg7 Ba6 20. Nf7
Rd7 21. Nd6+ Kd8 22. Rg6 Nf4 23. Re1 Nxg6 24. Rxe6 Nf4 25. Rf6 Kc7 26. Rxf4 Rxd6
27. Bxd6+ Kxd6 28. Rf7 Bc4 29. Rxa7 Bd5 30. a3 h5 31. a4 Ra8 32. Rh7 Rxa4 33.
Rxh5 Rxd4 {White resigns} 0-1

[Event "Team 45 45 League T64"]
[Site "Internet Chess Club"]
[Date "2015.04.04"]
[Round "5"]
[White "kingphisch"]
[Black "julesraider"]
[Result "1-0"]
[WhiteElo "1521"]
[BlackElo "1524"]
[Opening "Caro-Kann: Panov-Botvinnik attack"]
[ECO "B13"]
[Time "13:32:26"]
[TimeControl "2700+45"]

1. e4 c6 2. d4 d5 3. exd5 cxd5 4. c4 Nf6 5. Nc3 Nc6 6. Bg5 Be6 7. Nf3 g6 8. Bxf6
exf6 9. Qb3 Qd7 10. O-O-O Bg7 11. cxd5 Bxd5 12. Nxd5 O-O 13. Bc4 a6 14. Nb6 Bh6+
15. Kb1 Qf5+ 16. Bd3 Qg4 17. Nxa8 {Black resigns} 1-0

[Event "Team 45 45 League T64"]
[Site "Internet Chess Club"]
[Date "2015.04.04"]
[Round "5"]
[White "frank001"]
[Black "Skeptic1972"]
[Result "1/2-1/2"]
[WhiteElo "1829"]
[BlackElo "1547"]
[Opening "French: Tarrasch, open variation"]
[ECO "C07"]
[Time "02:00:27"]
[TimeControl "2700+45"]

1. e4 e6 2. d4 d5 3. Nd2 c5 4. c3 Nc6 5. Ngf3 cxd4 6. cxd4 dxe4 7. Nxe4 Nf6 8.
Bd3 Bb4+ 9. Nc3 h6 10. O-O O-O 11. Bc2 Nd5 12. Qd3 f5 13. a3 Ba5 14. b4 Bb6 15.
Ne2 Qf6 16. Bb2 Bd7 17. Rfe1 Rad8 18. Rad1 Rfe8 19. Bb3 a6 20. Qb1 Nce7 21. Ne5
Bc6 22. Nc3 Nxc3 23. Bxc3 Nd5 24. Bb2 Rc8 25. Qa2 Qg5 26. Nxc6 bxc6 27. Rd3 Bc7
28. Bc1 Qg4 29. h3 Qg6 30. Rf3 Bb6 31. Qd2 Qf6 32. Bb2 g5 33. Re5 Bc7 34. Re1 h5
35. g4 Bf4 36. Qd3 hxg4 37. hxg4 fxg4 38. Rg3 Bxg3 39. Qxg3 Qf3 40. Qe5 Qxb3 41.
Qxg5+ Kf7 42. Bc1 Qf3 43. Qh5+ Ke7 44. Bg5+ Kd6 45. Bh4 Nf4 46. Qe5+ Kd7 47.
Qg7+ Kd6 48. Qe5+ Kd7 49. Qg7+ Kd6 50. Qe5+ {Game drawn by repetition} 1/2-1/2

[Event "Team 45 45 League T64"]
[Site "Internet Chess Club"]
[Date "2015.04.06"]
[Round "5"]
[White "fireball"]
[Black "kabindra"]
[Result "0-1"]
[WhiteElo "1606"]
[BlackElo "1762"]
[Opening "Vienna gambit"]
[ECO "C29"]
[Time "10:04:05"]
[TimeControl "2700+45"]

1. e4 e5 2. Nc3 Nf6 3. f4 d6 4. Nf3 Nc6 5. Bc4 Be7 6. O-O exf4 7. d4 O-O 8. Bxf4
Bg4 9. h3 Bh5 10. g4 Bg6 11. Qe2 Qd7 12. Kh1 Na5 13. Bb5 c6 14. Bd3 b5 15. Rad1
h5 16. Nh2 hxg4 17. hxg4 Nc4 18. Bxc4 bxc4 19. e5 Nd5 20. exd6 Bxd6 21. Bxd6
Qxd6 22. Qxc4 Ne3 23. Qe2 Nxd1 24. Rxd1 Rad8 25. Rd2 Qb4 26. Nf3 Qxb2 27. Qc4
Qb7 28. Ne5 c5+ 29. d5 Bh7 30. Qxc5 Rfe8 31. Nc4 Re1+ 32. Kg2 Qd7 33. Kg3 f5 34.
Qf2 Rde8 35. Ne2 Ra1 36. g5 Rxa2 37. Nf4 Ra4 38. Rd4 g6 39. Ne6 Rxc4 40. Rxc4
Qxd5 41. Qc5 Qxe6 42. Rc3 Qe5+ 43. Qxe5 Rxe5 44. Rc7 a5 45. c4 Kh8 46. c5 Bg8
47. Rc8 Kg7 48. c6 Be6 49. c7 Bxc8 {White resigns} 0-1

[Event "Team 45 45 League T64"]
[Site "Internet Chess Club"]
[Date "2015.04.05"]
[Round "5"]
[White "isolani"]
[Black "nidusin2"]
[Result "0-1"]
[WhiteElo "1535"]
[BlackElo "1602"]
[Opening "Queen's pawn: Yusupov-Rubinstein system"]
[ECO "A46"]
[Time "21:00:25"]
[TimeControl "2700+45"]

1. d4 Nf6 2. Nf3 e6 3. e3 Bb4+ 4. c3 Be7 5. Bd3 d5 6. O-O O-O 7. Nbd2 b6 8. Qe2
Bb7 9. a4 c5 10. b3 Nbd7 11. Ba3 Rc8 12. h3 Ne4 13. Rac1 c4 14. Bxe7 cxd3 15.
Qxd3 Qxe7 16. Nb1 Rc7 17. Nbd2 Rfc8 18. c4 Ba6 19. Nxe4 dxe4 20. Qxe4 Nf6 21.
Qb1 Bb7 22. Ne5 Ne4 23. f3 Nd2 24. Qc2 Nxf1 25. Rxf1 f6 26. Ng4 h5 27. Nf2 Qd6
28. Qg6 h4 29. f4 Qc6 30. e4 Qd6 31. Ng4 Qxd4+ 32. Kh2 Bxe4 33. f5 Bxf5 34. Nh6+
Kf8 35. Nxf5 exf5 36. Rxf5 Qd6+ 37. Kh1 Qg3 38. Qh7 Kf7 39. Rf3 Qg6 40. Qxh4 Re7
41. Rg3 Re4 {White resigns} 0-1

[Event "Team 45 45 League T64"]
[Site "Internet Chess Club"]
[Date "2015.04.03"]
[Round "5"]
[White "Insan996"]
[Black "olivermx"]
[Result "1-0"]
[WhiteElo "1585"]
[BlackElo "1358"]
[Opening "QGD Slav: exchange variation"]
[ECO "D13"]
[Time "21:18:53"]
[TimeControl "2700+45"]

1. d4 d5 2. c4 c6 3. cxd5 cxd5 4. Nf3 Nf6 5. Nc3 e6 6. Bf4 Nc6 7. e3 Bb4 8. Bd3
Bd7 9. O-O O-O 10. Rc1 Rc8 11. a3 Bxc3 12. Rxc3 Ne7 13. Qc2 Rxc3 14. Qxc3 Ng6
15. Bd6 Re8 16. h3 Bc6 17. Bh2 Qd7 18. Rc1 Rc8 19. b4 b5 20. Bxb5 Ne7 21. Bxc6
Rxc6 22. Qb2 Rxc1+ 23. Qxc1 h6 24. Nd2 Qb5 25. Bd6 Nf5 26. Bc5 a6 27. Qc2 Qe2
28. Qc3 Qe1+ 29. Kh2 Qxf2 30. Nf3 Ne4 31. Qe1 Qxe3 32. Qxe3 Nxe3 33. a4 Nxc5 34.
dxc5 Kf8 35. Kg3 Ke8 36. Ne5 f6 37. Nc6 Kd7 38. Nb8+ Kc7 39. Nxa6+ Kb7 40. b5
Nc4 41. Kf4 e5+ 42. Kf5 e4 43. Nb4 e3 44. Nd3 e2 45. c6+ Kb6 46. Ke6 Kc7 47.
Kxd5 Ne3+ 48. Kc5 Nxg2 49. b6+ Kc8 50. Kd6 e1=Q 51. Nxe1 Nxe1 52. b7+ Kb8 53.
Kd7 Nd3 54. c7+ Kxb7 55. c8=Q+ {Black resigns} 1-0

[Event "Team 45 45 League T64"]
[Site "Internet Chess Club"]
[Date "2015.04.13"]
[Round "5"]
[White "Chessbomb"]
[Black "jjimalo"]
[Result "1-0"]
[WhiteElo "1844"]
[BlackElo "1865"]
[Opening "Sicilian: Najdorf"]
[ECO "B90"]
[Time "13:00:18"]
[TimeControl "2700+45"]

1. e4 c5 2. Nf3 d6 3. d4 cxd4 4. Nxd4 Nf6 5. Nc3 a6 6. a4 Nc6 7. Bg5 Qa5 8. Bxf6
gxf6 9. Nb3 Qg5 10. Nd5 Kd8 11. f4 Qg4 12. Qxg4 Bxg4 13. Be2 Rg8 14. Bxg4 Rxg4
15. O-O h5 16. Ne3 Rg6 17. Rad1 e6 18. f5 Rh6 19. fxe6 fxe6 20. Nc5 Be7 21.
Nxe6+ Kc8 22. Nf5 Rh7 23. Nxe7+ Rxe7 24. Rxf6 Kd7 25. Nc5+ Kc7 26. Rfxd6 Re5 27.
Ne6+ Kb6 28. a5+ Kxa5 29. R1d5+ Rxd5 30. Rxd5+ Kb6 31. Rxh5 Re8 32. Nc5 Nd4 33.
c3 Ne2+ 34. Kf2 Nf4 35. Rf5 Ng6 36. b4 Ne5 37. Rxe5 {Black resigns} 1-0

[Event "Team 45 45 League T64"]
[Site "Internet Chess Club"]
[Date "2015.04.04"]
[Round "5"]
[White "laurenpar"]
[Black "dmarcolino"]
[Result "0-1"]
[WhiteElo "1951"]
[BlackElo "1961"]
[Opening "English: Neo-Catalan"]
[ECO "A13"]
[Time "09:05:40"]
[TimeControl "2700+45"]

1. Nf3 Nf6 2. c4 e6 3. g3 d5 4. b3 c5 5. e3 Nc6 6. Bg2 Be7 7. O-O O-O 8. Bb2 d4
9. exd4 cxd4 10. Re1 Ne8 11. Ne5 Nxe5 12. Rxe5 f6 13. Re1 e5 14. f4 Bd6 15. fxe5
fxe5 16. d3 Nf6 17. Nd2 Ng4 18. Bxb7 Bxb7 19. Qxg4 Bb4 20. Rad1 Bxd2 21. Rxd2
Qf6 22. Rde2 Bf3 23. Qh3 Bxe2 24. Rxe2 Qf3 25. Qg2 Qxd3 26. Qd5+ Kh8 27. Rf2 Qe3
{White resigns} 0-1

[Event "Team 45 45 League T64"]
[Site "Internet Chess Club"]
[Date "2015.04.04"]
[Round "5"]
[White "infiniteshug"]
[Black "Froggy"]
[Result "0-1"]
[WhiteElo "2121"]
[BlackElo "2090"]
[Opening "Robatsch (modern) defense"]
[ECO "B06"]
[Time "16:07:41"]
[TimeControl "2700+45"]

1. e4 g6 2. d4 Bg7 3. Be3 c5 4. c3 cxd4 5. cxd4 d5 6. e5 Nh6 7. Nf3 O-O 8. Nc3
Nc6 9. Qd2 Ng4 10. Bf4 f6 11. exf6 Nxf6 12. Bb5 Ne4 13. Nxe4 dxe4 14. Bxc6 bxc6
15. Ne5 Ba6 16. Nxc6 Qd7 17. Nb4 Bb5 18. Nc2 Rac8 19. Rc1 Qg4 20. Bg3 Bh6 21. f4
exf3 22. Qxh6 f2+ {White resigns} 0-1

[Event "Team 45 45 League T64"]
[Site "Internet Chess Club"]
[Date "2015.04.05"]
[Round "5"]
[White "ChessHouston"]
[Black "modiglani"]
[Result "0-1"]
[WhiteElo "1850"]
[BlackElo "2017"]
[Opening "Pirc defense"]
[ECO "B07"]
[Time "11:00:15"]
[TimeControl "2700+45"]

1. e4 d6 2. d4 Nf6 3. Nc3 g6 4. f3 c6 5. Bd3 e5 6. dxe5 dxe5 7. Be3 Be6 8. g4
Nbd7 9. Nge2 Qc7 10. Ng3 Bc5 11. Bh6 O-O-O 12. Qe2 Qb6 13. O-O-O Bd4 14. a3 Bxc3
15. bxc3 Qa5 16. Kd2 Ne8 17. Qe1 Nc5 18. Ke3 Na4 19. Kf2 Nd6 20. Ne2 f5 21. h3
fxe4 22. fxe4 Bc4 23. Kg2 Nc5 24. Ng3 Ne6 25. Rf1 g5 26. Nf5 Nf4+ 27. Rxf4 gxf4
28. Nxd6+ Rxd6 29. Bxc4 Rxh6 30. h4 Qc5 31. Bb3 Rf8 32. g5 Rg6 33. Qd2 f3+ 34.
Kf1 Qe7 35. Qh2 Rd6 36. Re1 f2 37. Rc1 Qd7 {White resigns} 0-1

[Event "Team 45 45 League T64"]
[Site "Internet Chess Club"]
[Date "2015.04.03"]
[Round "5"]
[White "TillyChess"]
[Black "Pason"]
[Result "1-0"]
[WhiteElo "2129"]
[BlackElo "1849"]
[Opening "French: Winawer (Nimzovich) variation"]
[ECO "C15"]
[Time "15:01:20"]
[TimeControl "2700+45"]

1. e4 e6 2. d4 d5 3. Nc3 Bb4 4. exd5 exd5 5. Bd3 Ne7 6. Qh5 Nbc6 7. a3 Bxc3+ 8.
bxc3 Qd6 9. Ne2 Be6 10. O-O O-O-O 11. Rb1 Qd7 12. Ng3 f6 13. Re1 g6 14. Qe2 Bf7
15. Bd2 Rde8 16. Qf3 Ng8 17. Rxe8+ Qxe8 18. c4 Qd7 19. cxd5 Bxd5 20. Qe3 Bf7 21.
c3 f5 22. a4 Nge7 23. Qh6 Qe8 24. Re1 Qf8 25. Qxf8+ Rxf8 26. c4 Re8 27. d5 Nd4
28. Rb1 c5 29. Bc3 Kc7 30. Bxd4 cxd4 31. Ne2 Nc8 32. Nxd4 a6 33. a5 Nd6 34. Nf3
h6 35. Kf1 Ne4 36. h4 Nc5 37. Bc2 f4 38. Rb6 Rg8 39. Ne5 Be8 40. Bxg6 Ba4 41. h5
Rg7 42. Rf6 Re7 43. Rf7 Kd6 44. Rxe7 Kxe7 45. Nd3 Nxd3 46. Bxd3 Bd1 47. f3 Kd6
48. Ke1 Ba4 49. Kd2 Kc5 50. Kc3 Be8 51. Bg6 Bd7 52. Be4 Be8 53. d6 b6 54. axb6
Kxb6 55. Kd4 a5 56. c5+ Kb5 57. Bd3+ Kc6 58. Bg6 Bd7 59. Bc2 Kb5 60. Bd3+ Kc6
61. Be4+ Kb5 62. Kd5 Bc6+ 63. Ke6 a4 64. Bxc6+ {Black resigns} 1-0

[Event "Team 45 45 League T64"]
[Site "Internet Chess Club"]
[Date "2015.04.02"]
[Round "5"]
[White "achessman"]
[Black "chessjav"]
[Result "0-1"]
[WhiteElo "1901"]
[BlackElo "1920"]
[Opening "Van't Kruijs opening"]
[ECO "A00"]
[Time "21:10:29"]
[TimeControl "2700+45"]

1. e3 Nf6 2. d4 g6 3. Be2 Bg7 4. h4 d5 5. h5 c5 6. b3 Nc6 7. c4 cxd4 8. exd4
dxc4 9. bxc4 Qxd4 10. Qxd4 Nxd4 11. Na3 Nxe2 12. Nxe2 Nxh5 13. Rb1 b6 14. Nb5
O-O 15. Ba3 Bf5 16. Rb3 Bc2 17. Rbh3 Rfd8 18. O-O Bd3 19. Re3 Bxc4 20. Nc7 Rac8
21. Bxe7 Rd2 {White resigns} 0-1